 Dungeon Crawl Stone Soup version 0.23-a0-183-gf37f6fb109 (webtiles) character file.

793 Ablot the Charmwright (level 7, -23/56 HPs)
             Began as a Gnoll Skald on Sept 21, 2018.
             Was a Follower of Okawaru.
             Annihilated by an ogre
             ... wielding a +0 giant club
              (24 damage)
             ... on level 5 of the Dungeon.
             The game lasted 00:06:08 (3671 turns).

Ablot the Charmwright (Gnoll Skald)                 Turns: 3671, Time: 00:06:09

Health: -23/56     AC:  5    Str: 14    XL:     7   Next: 88%
Magic:  10/15      EV: 14    Int: 16    God:    Okawaru [*.....]
Gold:   189        SH:  0    Dex: 18    Spells: 6/17 levels left

rFire    . . .     SeeInvis .   B - +0 trident
rCold    . . .     Gourm    .   (no shield)
rNeg     . . .     Faith    .   L - +0 ring mail (curse)
rPois    .         Spirit   .   (no helmet)
rElec    .         Reflect  .   (no cloak)
rCorr    .         Harm     .   (no gloves)
MR       .....                  (no boots)
Stlth    ++........             I - amulet of magic regeneration
HPRegen  0.18/turn              r - +2 ring of slaying
MPRegen  0.39/turn              l - +3 ring of dexterity

@: very slightly contaminated
A: distributed training, fangs 1, strong nose
a: Heroism, Renounce Religion


You were on level 5 of the Dungeon.
You worshipped Okawaru.
Okawaru was aware of your devotion.
You were not hungry.

You visited 2 branches of the dungeon, and saw 6 of its levels.

You collected 189 gold pieces.

Inventory:

Hand Weapons
 a - a +0 spear
 f - a +0 dagger of venom
 i - a +1 hunting sling of freezing
 B - a +0 trident (weapon)
Missiles
 c - 57 arrows
 e - 121 stones (quivered)
 u - 30 sling bullets
 z - 13 bolts
 M - 6 poisoned needles
Armour
 L - a cursed +0 ring mail (worn)
Jewellery
 j - an uncursed ring of protection from cold
 l - a +3 ring of dexterity (right hand)
 q - an uncursed ring of fire
 r - a +2 ring of slaying (left hand)
 I - an amulet of magic regeneration (around neck)
 K - an uncursed ring of protection from fire
Wands
 E - a wand of enslavement (15)
Scrolls
 b - a scroll of amnesia {unknown}
 g - 5 scrolls of magic mapping {unknown}
 h - 5 scrolls of identify {unknown}
 m - a scroll of fog {unknown}
 o - a scroll of remove curse {unknown}
 x - 2 scrolls of random uselessness {unknown}
 y - a scroll of noise {unknown}
 A - 3 scrolls of enchant weapon {unknown}
 H - a scroll of teleportation {unknown}
Potions
 k - 2 potions of lignification {unknown}
 n - a potion of curing {unknown}
 p - a potion of heal wounds {unknown}
 s - 2 potions of mutation {unknown}
 t - 2 potions of magic {unknown}
 v - 2 potions of brilliance {unknown}
 w - a potion of degeneration {unknown}
 C - a potion of resistance {unknown}
 D - a potion of berserk rage {unknown}
 F - a potion of ambrosia {unknown}
 G - a potion of haste {unknown}
Comestibles
 d - 9 rations
 J - 5 chunks of flesh


   Skills:
 + Level 5.3 Fighting
 + Level 2.7 Short Blades
 + Level 2.7 Long Blades
 + Level 2.7 Axes
 + Level 2.7 Maces & Flails
 + Level 5.3 Polearms
 + Level 2.7 Staves
 + Level 2.7 Slings
 + Level 2.7 Bows
 + Level 2.7 Crossbows
 + Level 2.7 Throwing
 + Level 3.8 Armour
 + Level 5.3 Dodging
 + Level 2.7 Stealth
 + Level 2.7 Shields
 + Level 2.7 Unarmed Combat
 + Level 5.7 Spellcasting
 + Level 2.2 Conjurations
 + Level 2.2 Hexes
 + Level 5.9 Charms
 + Level 2.2 Summonings
 + Level 2.2 Necromancy
 + Level 2.2 Translocations
 + Level 2.2 Transmutations
 + Level 2.2 Fire Magic
 + Level 2.2 Ice Magic
 + Level 2.2 Air Magic
 + Level 2.2 Earth Magic
 + Level 2.2 Poison Magic
 + Level 3.0 Invocations
 + Level 2.7 Evocations


You had 6 spell levels left.
You knew the following spells:

 Your Spells              Type           Power        Failure   Level  Hunger
a - Infusion              Chrm           ###.         2%          1    None
b - Song of Slaying       Chrm           ###.....     3%          2    #......
c - Shroud of Golubria    Chrm/Tloc      ###.......   8%          2    #......
d - Regeneration          Chrm/Necr      ###.......   16%         3    ##.....
e - Spectral Weapon       Hex/Chrm       ###.....     16%         3    ##.....

Your spell library contained the following spells:

 Spells                   Type           Power        Failure   Level  Hunger


Dungeon Overview and Level Annotations

Branches:
Dungeon (5/15)             Temple (1/1) D:4

Altars:
Ashenzari
Cheibriados
Dithmenos
Elyvilon
Fedhas
Hepliaklqana
Kikubaaqudgha
Makhleb
Nemelex Xobeh
Okawaru
Qazlal
Ru
Sif Muna
Trog
Vehumet
Xom
Yredelemnul
The Shining One

Annotations:
D:3 exclusion: 4 orc priests
D:5 3 runed doors


Innate Abilities, Weirdness & Mutations

Your experience applies equally to all skills.
You have very sharp teeth.
Your uncanny sense of smell can sniff out nearby items.


Message History

* * * LOW HITPOINT WARNING * * *
Your shroud falls apart!
You are too injured to fight recklessly!
You are too injured to fight recklessly!
You are too injured to fight recklessly!
You are too injured to fight recklessly!
You barely miss the ogre.
The ogre is moderately wounded.
Your spectral weapon hits the ogre.
The ogre hits your spectral weapon with a giant club!!
Your spectral weapon shares its damage with you!
Your spectral weapon fades away.
* * * LOW HITPOINT WARNING * * *
The ogre shouts!
Casting: Spectral Weapon (safe; 16% risk of failure)
Confirm with . or Enter, or press ? or * to list all spells.
You miscast Spectral Weapon.
You are very lightly contaminated with residual magic.
Your hands glow momentarily.
The ogre hits you with a giant club!!
You die...

############
###..........#
......)......###
..#.............
#............... .#
#....O........
$..###..@........
#....##.......##
#....#.......#
##...#..###### ∆#?..+.##
## ∆#...+.############ .
#...+..................
#....#........######....
#....#........######....


You could see an ogre.

Vanquished Creatures
  An orc warrior (D:5)
  A sky beast (D:5)
  An ice beast (D:3)
  An ogre (D:5)
  A howler monkey (D:4)
  2 hounds (D:4)
  A jelly (D:5)
  An orc priest (D:5)
  An iguana (D:5)
  A bullfrog skeleton (D:4)
  An orc wizard (D:5)
  3 worker ants
  3 adders
  A shadow imp (D:5)
  2 worms (D:2)
  3 leopard geckos
  10 orcs
  2 bats
  13 giant cockroaches
  4 goblins
  7 hobgoblins
  2 jackals (D:5)
  5 kobolds
  6 quokkas
  2 frilled lizards
  A jackal skeleton (D:4)
  A leopard gecko skeleton (D:4)
  2 rats
  A bush (D:2)
80 creatures vanquished.

Vanquished Creatures (others)
  3 spectral weapons
3 creatures vanquished.

Grand Total: 83 creatures vanquished

Notes
Turn   | Place    | Note
-------+----------+-------------------------------------------
     0 | D:1      | Ablot the Gnoll Skald began the quest for the Orb.
     0 | D:1      | Reached XP level 1. HP: 20/20 MP: 6/6
    70 | D:1      | Reached XP level 2. HP: 26/26 MP: 7/7
   112 | D:1      | Learned a level 2 spell: Song of Slaying
   115 | D:1      | Learned a level 2 spell: Shroud of Golubria
   515 | D:2      | Found a deep blue altar of Sif Muna.
   515 | D:2      | Found an ancient bone altar of Kikubaaqudgha.
   698 | D:2      | Found a glowing golden altar of the Shining One.
   711 | D:2      | Reached XP level 3. HP: 24/31 MP: 9/9
   716 | D:2      | Learned a level 3 spell: Regeneration
   720 | D:2      | Learned a level 3 spell: Spectral Weapon
   750 | D:2      | Reached skill level 5 in Spellcasting
   954 | D:2      | Found a basalt altar of Yredelemnul.
  1209 | D:3      | Reached skill level 1 in Invocations
  1345 | D:3      | Noticed an ice beast
  1363 | D:3      | Killed an ice beast
  1363 | D:3      | Reached skill level 1 in Short Blades
  1363 | D:3      | Reached skill level 1 in Long Blades
  1363 | D:3      | Reached skill level 1 in Axes
  1363 | D:3      | Reached skill level 1 in Maces & Flails
  1363 | D:3      | Reached skill level 1 in Staves
  1363 | D:3      | Reached skill level 1 in Slings
  1363 | D:3      | Reached skill level 1 in Bows
  1363 | D:3      | Reached skill level 1 in Crossbows
  1363 | D:3      | Reached skill level 1 in Throwing
  1363 | D:3      | Reached skill level 1 in Stealth
  1363 | D:3      | Reached skill level 1 in Shields
  1363 | D:3      | Reached skill level 1 in Unarmed Combat
  1363 | D:3      | Reached skill level 1 in Conjurations
  1363 | D:3      | Reached skill level 1 in Hexes
  1363 | D:3      | Reached skill level 1 in Summonings
  1363 | D:3      | Reached skill level 1 in Necromancy
  1363 | D:3      | Reached skill level 1 in Translocations
  1363 | D:3      | Reached skill level 1 in Transmutations
  1363 | D:3      | Reached skill level 1 in Fire Magic
  1363 | D:3      | Reached skill level 1 in Ice Magic
  1363 | D:3      | Reached skill level 1 in Air Magic
  1363 | D:3      | Reached skill level 1 in Earth Magic
  1363 | D:3      | Reached skill level 1 in Poison Magic
  1363 | D:3      | Reached skill level 1 in Evocations
  1363 | D:3      | Reached XP level 4. HP: 16/38 MP: 0/11
  1363 | D:3      | Reached XP level 5. HP: 18/43 MP: 0/12
  2091 | D:4      | Found a staircase to the Ecumenical Temple.
  2100 | Temple   | Entered the Ecumenical Temple
  2284 | Temple   | Became a worshipper of Warmaster Okawaru
  2369 | D:4      | Found a radiant altar of Vehumet.
  2514 | D:4      | Reached XP level 6. HP: 50/50 MP: 7/13
  2853 | D:4      | Found a sacrificial altar of Ru.
  2967 | D:4      | Reached skill level 5 in Fighting
  2967 | D:4      | Reached skill level 5 in Polearms
  2967 | D:4      | Reached skill level 5 in Dodging
  3141 | D:5      | Entered Level 5 of the Dungeon
  3257 | D:5      | Found a hazy altar of Hepliaklqana.
  3297 | D:5      | Reached XP level 7. HP: 56/56 MP: 15/15
  3305 | D:5      | Reached * piety under Okawaru
  3647 | D:5      | Found a runed gate.
  3648 | D:5      | Found a runed gate.
  3649 | D:5      | Found a runed gate.
  3670 | D:5      | HP: 1/56 [ogre/giant club (8)]
  3671 | D:5      | Annihilated by an ogre

Vault maps used:
D:1:      shiori_shiawase
D:2:      nicolae_overflow_crystal_walls, gammafunk_temple_overflow_pools,
          serial_forest, infiniplex_forest_end_1, infiniplex_forest_lined_room_,
          infiniplex_forest_lined_room_2, infiniplex_forest_corner_1,
          infiniplex_forest_clump_curved, yredelemnul_altar_generic
D:3:      minmay_roachtagon
D:4:      kennysheep_little_box, nicolae_ru_path_of_blood,
          minmay_temple_entry_overgrown, st_stairs_3, serial_bayou_crossing
D:5:      lemuel_doored_altar, gammafunk_ghost_icy, first_ration
Temple:   minmay_temple_bridge_abc

Skill      XL: |  1  2  3  4  5  6  7 |
---------------+----------------------+-----
Spellcasting   | 5 |  5.7
Invocations    | 1 2 3 |  3.0
Short Blades   | 1 2 |  2.7
Long Blades    | 1 2 |  2.7
Axes           | 1 2 |  2.7
Maces & Flails | 1 2 |  2.7
Staves         | 1 2 |  2.7
Slings         | 1 2 |  2.7
Bows           | 1 2 |  2.7
Crossbows      | 1 2 |  2.7
Throwing       | 1 2 |  2.7
Stealth        | 1 2 |  2.7
Shields        | 1 2 |  2.7
Unarmed Combat | 1 2 |  2.7
Conjurations   | 1 2 |  2.2
Hexes          | 1 2 |  2.2
Summonings     | 1 2 |  2.2
Necromancy     | 1 2 |  2.2
Translocations | 1 2 |  2.2
Transmutations | 1 2 |  2.2
Fire Magic     | 1 2 |  2.2
Ice Magic      | 1 2 |  2.2
Air Magic      | 1 2 |  2.2
Earth Magic    | 1 2 |  2.2
Poison Magic   | 1 2 |  2.2
Evocations     | 1 2 |  2.7
Armour         | 3 |  3.8
Fighting       | 5 |  5.3
Polearms       | 5 |  5.3
Dodging        | 5 |  5.3
Charms         | |  5.9

Action                   |  1- 3 |  4- 6 |  7- 9 || total
-------------------------+-------+-------+-------++-------
Melee: Spear             |   206 |     2 |       ||   208
       Bite              |    40 |     8 |     2 ||    50
       Punch             |     1 |       |     2 ||     3
       Trident           |       |    86 |    47 ||   133
 Cast: Shroud of Golubri |     6 |     9 |     4 ||    19
       Infusion          |     4 |       |       ||     4
       Spectral Weapon   |     1 |    10 |     4 ||    15
       Song of Slaying   |       |     2 |     1 ||     3
       Regeneration      |       |     2 |     2 ||     4
Invok: Heroism           |       |       |     1 ||     1
 Stab: Sleeping          |     1 |     2 |     1 ||     4
       Distracted        |       |     1 |       ||     1
  Eat: Chunk             |     2 |     7 |     2 ||    11
Armor: Leather armour    |    15 |     7 |       ||    22
       Ring mail         |       |     1 |     7 ||     8
Dodge: Dodged            |    44 |    48 |    21 ||   113

Table legend:
 A = Non-vault XP
 B = Vault XP
 C = Vault XP percentage of total XP
 D = Non-vault monster count
 E = Vault monster count
 F = Vault count percentage of total count
                 A         B        C        D         E       F
            +---------+---------+-------+---------+---------+-------
      Total |    1108 |      25 |   2.2 |      66 |      13 |  16.5
            +---------+---------+-------+---------+---------+-------
        D:1 |      15 |       0 |   0.0 |       8 |       0 |   0.0
        D:2 |      39 |       0 |   0.0 |      11 |       0 |   0.0
        D:3 |     171 |      22 |  11.4 |      16 |      11 |  40.7
        D:4 |     219 |       3 |   1.4 |      10 |       2 |  16.7
        D:5 |     664 |       0 |   0.0 |      21 |       0 |   0.0
            +---------+---------+-------+---------+---------+-------
